 Dungeon Sprint DCSS version 0.23.2-30-g0e89c35649 (webtiles) character file.

Game seed: 12239107075376650711

103 HASTUR3 the Transmogrifier (level 4, 0/32 HPs)
             Began as a Merfolk Transmuter on June 20, 2019.
             Incinerated by a deep elf mage (5 damage)
             ... with a sticky flame
             ... in the Dungeon (Sprint III: "The Ten Rune Challenge").
             The game lasted 00:04:52 (516 turns).

HASTUR3 the Transmogrifier (Merfolk Transmuter)      Turns: 516, Time: 00:04:52

Health: 0/32       AC:  2    Str: 11    XL:     4   Next: 79%
Magic:  5/7        EV: 25    Int: 12    God:
Gold:   30         SH:  0    Dex: 19    Spells: 3/7 levels left

rFire    . . .     SeeInvis .     - Unarmed
rCold    . . .     Gourm    .   (shield currently unavailable)
rNeg     . . .     Faith    .   (armour currently unavailable)
rPois    x         Spirit   .   (helmet currently unavailable)
rElec    .         Reflect  .   (cloak currently unavailable)
rCorr    .         Harm     .   (gloves currently unavailable)
MR       .....     NoTele   +   (boots currently unavailable)
Stlth    +.........             (no amulet)
HPRegen  0.10/turn              (no ring)
MPRegen  0.10/turn              (no ring)

@: liquid flames, spider-form, glowing
A: tiny, (change form in water), (swift swim), (stealthy swim), sense
surroundings 1, no potion heal 1
a: End Transformation


You were in the Dungeon.
You were not hungry.
You were a venomous arachnid creature.
You visited 1 branch You collected 30 gold pieces.

Inventory:

Missiles
 a - 12 arrows
Armour
 b - a +0 robe (melded)
 c - a +0 cloak (melded)
Scrolls
 j - a scroll of blinking
 l - 2 scrolls of torment {unknown}
 m - 3 scrolls of identify
 n - 3 scrolls of remove curse
Potions
 e - 2 potions of curing
 f - a potion of heal wounds
 g - a potion of haste
 h - 2 potions of magic
 o - 2 potions of flight {unknown}
 p - a potion of berserk rage
Comestibles
 d - 3 rations


   Skills:
 - Level 1.1 Fighting
 + Level 5.6 Dodging
 - Level 0.6 Stealth
 + Level 5.3 Unarmed Combat
 - Level 2.0 Spellcasting
 * Level 8.1 Transmutations
 + Level 4.1 Poison Magic


You had 3 spell levels left.
You knew the following spells:

 Your Spells              Type           Power        Failure   Level  Hunger
a - Beastly Appendage     Tmut           ###...       5%          1    ##.....
b - Spider Form           Tmut/Pois      ###.......   19%         3    ####...

Your spell library contained the following spells:

 Spells                   Type           Power        Failure   Level  Hunger
 Sticks to Snakes         Tmut           ###.....     7%          2    ###....
 Blade Hands              Tmut           ###.......   47%         5    ######.
 Ice Form                 Ice/Tmut       ##......     67%         4    #####..


Dungeon Overview and Level Annotations

Branches:
Dungeon (1/1)

Altars:
Elyvilon
Zin
The Shining One


Innate Abilities, Weirdness & Mutations

((You revert to your normal form in water))
((You are very nimble and swift while swimming.))
((You are very stealthy in the water. (Stealth+)))
((You are partially covered in large bone plates. (SH +4)))
((Your flesh is cold resistant. (rC+)))
You passively map a small area around you.
Potions are less effective at restoring your health.


Message History

The deep elf mage is moderately wounded.
The deep elf mage mumbles some strange words.
The deep elf mage blinks!
You closely miss the deep elf mage.
The deep elf mage is moderately wounded.
The deep elf mage hits you but does no damage.
You completely miss the deep elf mage.
The deep elf mage is moderately wounded.
The deep elf mage casts a spell.
The deep elf mage blinks!
You barely miss the deep elf mage.
The deep elf mage is moderately wounded.
The deep elf mage points at you and mumbles some strange words.
The sticky flame hits you!
You are covered in liquid flames!
You are covered in liquid flames!
* * * LOW HITPOINT WARNING * * *
There is an open door here.
You are covered in liquid flames!
You die...

▓▓▓▓▓ ▓▓▓ ** #...####
##.##### **
#......#####..#___# *
#.......#..#..#.e.# _ ,,
##.##...#..#..###'#+###+#
##.###..##'#..#.s........
###.##..###...'.⌠........
#..##..####...#...######+
* ...##..###....#.⌠.# *
..##...##.....#...#_ *, ,
.##....#......#+###
###..##.#.....# , * * #
#..#####....# * ▓ ▓▓▓▓ *
▓▓▓▓▓▓*


There were no monsters in sight!

Vanquished Creatures
  A water elemental (D)
  A human (D)
  A wolf (D)
  2 oozes (D)
  2 rats (D)
7 creatures vanquished.

Vanquished Creatures (others)
  2 draconian scorchers (D)
  6 hellions (D)
  A yaktaur (D)
9 creatures vanquished.

Grand Total: 16 creatures vanquished

Notes
Turn   | Place    | Note
-------+----------+-------------------------------------------
     0 | D        | HASTUR3 the Merfolk Transmuter began the quest for the Orb.
     0 | D        | Reached XP level 1. HP: 15/15 MP: 3/3
    11 | D        | Reached skill level 5 in Transmutations
    18 | D        | Reached XP level 2. HP: 13/21 MP: 3/5
   102 | D        | Killed a hellion
   105 | D        | Reached skill level 6 in Transmutations
   105 | D        | Reached XP level 3. HP: 18/26 MP: 6/6
   135 | D        | Killed a white draconian scorcher
   137 | D        | Killed a yaktaur
   151 | D        | Killed a white draconian scorcher
   159 | D        | Killed a hellion
   160 | D        | Killed a hellion
   162 | D        | Killed a hellion
   162 | D        | Killed a hellion
   163 | D        | Killed a hellion
   276 | D        | Learned a level 3 spell: Spider Form
   312 | D        | Gained mutation: Your flesh is cold resistant. (rC+)
                  | [potion of mutation]
   312 | D        | Gained mutation: You passively map a small area around you.
                  | [potion of mutation]
   312 | D        | Gained mutation: Potions are less effective at restoring
                  | your health. [potion of mutation]
   312 | D        | Gained mutation: Your spells are a little harder to cast,
                  | but a little more powerful. [potion of mutation]
   313 | D        | Lost mutation: You passively map a small area around you.
                  | [potion of mutation]
   313 | D        | Lost mutation: Your spells are a little harder to cast, but
                  | a little more powerful. [potion of mutation]
   313 | D        | Gained mutation: You are partially covered in large bone
                  | plates. (SH +4) [potion of mutation]
   313 | D        | Gained mutation: You passively map a small area around you.
                  | [potion of mutation]
   316 | D        | Noticed a water elemental
   332 | D        | Killed a water elemental
   332 | D        | Reached skill level 5 in Dodging
   332 | D        | Reached skill level 5 in Unarmed Combat
   332 | D        | Reached skill level 8 in Transmutations
   332 | D        | Reached XP level 4. HP: 15/32 MP: 4/7
   505 | D        | Found a glowing silver altar of Zin.
   505 | D        | Found a glowing golden altar of the Shining One.
   505 | D        | Found a white marble altar of Elyvilon.
   506 | D        | Noticed a deep elf mage
   516 | D        | Incinerated by a deep elf mage

Skill      XL: |  1  2  3 |
---------------+----------+-----
Transmutations | 5 6 8 |  8.1
Dodging        | 3 4 5 |  5.6
Unarmed Combat | 4 5 |  5.3
Poison Magic   | 4 |  4.1
Fighting       | |  1.1
Stealth        | |  0.6
Spellcasting   | |  2.0

Action                   |  1- 3 |  4- 6 || total
-------------------------+-------+-------++-------
Melee: Unarmed           |    39 |     7 ||    46
       Headbutt          |     2 |       ||     2
 Cast: Beastly Appendage |     3 |       ||     3
       Spider Form       |     2 |     1 ||     3
  Use: Potion            |     3 |       ||     3
 Stab: Sleeping          |     1 |       ||     1
Armor: Robe              |     3 |       ||     3
Dodge: Dodged            |    22 |       ||    22
